 Dungeon Crawl Stone Soup version 0.19-a0-1091-g463c9de (webtiles) character file.

1153 4thArraOfDagon the Covert (level 8, -14/36 HPs)
             Began as a Spriggan Enchanter on Aug 7, 2016.
             Killed from afar by a gargoyle (22 damage)
             ... with a stone arrow
             ... on level 10 of the Dungeon.
             The game lasted 00:09:59 (1843 turns).

4thArraOfDagon the Covert (Spriggan Enchanter)      Turns: 1843, Time: 00:10:00

Health: -14/36     AC:  3    Str:  9    XL:     8   Next: 16%
Magic:  15/15      EV: 18    Int: 19    God:
Gold:   208        SH:  0    Dex: 16    Spells: 3 memorised, 9 levels left

rFire  . . .     SeeInvis +     a - +1 dagger
rCold  . . .     Gourm    .     b - +1 robe
rNeg   . . .     Faith    .     (shield restricted)
rPois  .         Spirit   .     (helmet restricted)
rElec  .         Dismiss  .     (no cloak)
rCorr  .         Reflect  .     (gloves unavailable)
SustAt .         Harm     .     (boots unavailable)
MR     +....                    (no amulet)
Stlth  +++++.....               (no ring)
                                (no ring)

@: mighty, very quick
A: unfitting armour, see invisible, herbivore 3, speed 3, slow metabolism 2
a: no special abilities


You were on level 10 of the Dungeon.
You were not hungry.

You visited 1 branch of the dungeon, and saw 11 of its levels.
You also visited: Ossuary.

You collected 208 gold pieces.

Inventory:

Hand Weapons
 a - a +1 dagger (weapon)
 j - a +9 club
Armour
 b - a +1 robe (worn)
 n - an ice dragon hide
Wands
 w - a wand of slowing (17/48)
Scrolls
 e - a scroll of noise {unknown}
 f - 2 scrolls of remove curse {unknown}
 g - 3 scrolls of identify {unknown}
 k - 2 scrolls of blinking {unknown}
 m - 2 scrolls of amnesia {unknown}
 o - 2 scrolls of enchant weapon {unknown}
 p - a scroll of brand weapon {unknown}
 q - a scroll of fog {unknown}
 r - a scroll of teleportation {unknown}
 t - a scroll of enchant armour {unknown}
 x - a scroll of fear {unknown}
Potions
 s - a potion of brilliance
 z - a potion of ambrosia
Books
 c - a book of Maledictions

   Spells                             Type                      Level
   a - Corona                         Hexes                        1
   b - Ensorcelled Hibernation        Hexes/Ice                    2
   c - Confuse                        Hexes                        3
   d - Tukima's Dance                 Hexes                        3
   e - Dazzling Spray                 Conjuration/Hexes            3
Comestibles
 d - 3 bread rations
 i - a royal jelly


   Skills:
 * Level 5.2 Short Blades
 - Level 3.0 Dodging
 * Level 8.6 Stealth
 - Level 4.0 Spellcasting
 * Level 7.0 Hexes
 * Level 3.0 Ice Magic


You had 9 spell levels left.
You knew the following spells:

 Your Spells              Type           Power        Failure   Level  Hunger
a - Corona                Hex            ####...      1%          1    None
b - Ensorcelled Hibernat  Hex/Ice        ###...       2%          2    ##.....
c - Confuse               Hex            ####....     1%          3    ###....


Dungeon Overview and Level Annotations

Branches:
Dungeon (11/15)               Orc (0/2) D:9
 Temple: D:4-7         Lair: D:8-11

Altars:
Elyvilon
Pakellas
The Shining One

Shops:
D:5 ?

Annotations:
D:4 Grinder; skk's ghost, novice DsFi
D:7 4thArraOfDagon's ghost, amateur MiBe


Innate Abilities, Weirdness & Mutations

You are tiny and cannot use many weapons and most armour.
You have supernaturally acute eyesight. (SInv)
You are a herbivore.
You cover ground extremely quickly.
You need consume almost no food.


Message History

Unknown command.
The gargoyle hurls a stone arrow at you.
The stone arrow hits you!
Unknown command.
Unknown command.
Unknown command.
The gargoyle hurls a stone arrow at you.
The stone arrow hits you!
Ouch! That really hurt!
* * * LOW HITPOINT WARNING * * *
Unknown command.
Unknown command.
You hit the gargoyle but do no damage.
Unknown command.
You feel less invigorated.
You feel less confused.
The gargoyle hurls a stone arrow at you.
The stone arrow hits you!
Ouch! That really hurt!
You die...

#..# #..#
#..#
#..#..#
#..#..#
#..#..#
#..#..#
#..#..#
#@.#..###.#
#.........#
#.9.......#
#..##.....#
#>.# .###.#
#..# # #..#
#..# #..#


You could see a gargoyle.

Vanquished Creatures
  2 water moccasins (D:9)
  An orc warrior (D:9)
  2 ogres
  2 centaurs
  A giant frog (D:7)
  A scorpion (D:9)
  2 crimson imps
  3 hounds
  A jelly (D:11)
  2 iguanas
  Jessica (D:3)
  An orc wizard (D:9)
  A worker ant (D:5)
  A hound zombie (D:6)
  5 adders
  A worm (D:3)
  7 orcs
  A ball python (D:2)
  4 bats
  A giant cockroach (D:2)
  4 quokkas
  2 giant newts
  A goblin (D:3)
  A hobgoblin zombie (Ossuary)
  A kobold (D:1)
  A quokka zombie (D:6)
  A rat (D:1)
51 creatures vanquished.

Vanquished Creatures (others)
  A lightning spire (D:2)
1 creature vanquished.

Grand Total: 52 creatures vanquished

Notes
Turn   | Place    | Note
-------+----------+-------------------------------------------
     0 | D:1      | 4thArraOfDagon the Spriggan Enchanter began the quest for the Orb.
     0 | D:1      | Reached XP level 1. HP: 9/9 MP: 5/5
   130 | D:2      | Reached XP level 2. HP: 6/13 MP: 4/6
   134 | D:2      | Learned a level 2 spell: Ensorcelled Hibernation
   334 | D:2      | Reached XP level 3. HP: 10/16 MP: 8/8
   347 | D:2      | Found an oddly glowing altar of Pakellas.
   348 | D:2      | Noticed a sphinx
   389 | D:3      | Noticed Jessica
   394 | D:3      | Killed Jessica
   394 | D:3      | Reached skill level 5 in Stealth
   400 | D:3      | lol
   456 | D:4      | Noticed Grinder
   456 | D:4      | Noticed skk's ghost (novice DsFi)
   500 | D:4      | Reached XP level 4. HP: 17/21 MP: 2/9
   537 | D:5      | Entered Level 5 of the Dungeon
   643 | D:5      | Found a glowing golden altar of the Shining One.
   679 | D:6      | Noticed a sky beast
   705 | D:7      | Learned a level 3 spell: Confuse
   746 | D:7      | Reached skill level 6 in Stealth
   777 | D:7      | Noticed 4thArraOfDagon's ghost (amateur MiBe)
   804 | D:6      | fail^2
   837 | D:6      | Reached XP level 5. HP: 7/24 MP: 2/10
   861 | D:6      | Reached skill level 5 in Hexes
  1090 | D:5      | Noticed an ogre
  1099 | D:5      | Killed an ogre
  1099 | D:5      | Reached skill level 1 in Ice Magic
  1099 | D:5      | Reached XP level 6. HP: 19/28 MP: 9/12
  1143 | D:5      | Found a white marble altar of Elyvilon.
  1150 | D:5      | Noticed a sky beast
  1173 | D:5      | Found Yroad's Magic Scroll Emporium.
  1190 | D:6      | Reached skill level 7 in Stealth
  1282 | D:6      | :(
  1284 | D:7      | LETS DIE
  1464 | D:7      | Reached XP level 7. HP: 27/32 MP: 6/13
  1506 | D:8      | Found a sand-covered staircase.
  1527 | Ossuary  | Entered an ossuary
  1621 | D:9      | Reached skill level 8 in Stealth
  1649 | D:9      | Reached skill level 5 in Short Blades
  1649 | D:9      | Reached XP level 8. HP: 36/36 MP: 9/15
  1712 | D:9      | Found a staircase to the Orcish Mines.
  1717 | D:10     | Entered Level 10 of the Dungeon
  1820 | D:10     | Noticed a gargoyle
  1843 | D:10     | Killed from afar by a gargoyle

Vault maps used:
D:1:      ncdulo_watergridlock
D:2:      lemuel_doored_altar, gammafunk_pakellas_spire_experiment,
          xom_teletrap_fun, gammafunk_temple_overflow_wave, first_bread,
          minmay_octomino_j4
D:3:      minmay_misc_feat_cross, uniq_jessica, uniq_crazy_yiuf_cottage,
          uniq_terence, uniq_natasha, uniq_sigmund, uniq_iyjb
D:4:      black_bear_nest_2, makhleb_blood_cavern_becter, uniq_grinder
D:5:      kennysheep_ying_yang, serial_shops, shop_scrolls, basic_altar
D:6:      grunt_ministairs_15, minmay_misc_feat_plants
D:8:      minmay_lair_entry_grove, enter_ossuary_4, uniq_grum
D:9:      gammafunk_temple_overflow_forgotten, minmay_orc_entry_guard_dogs,
          minmay_variable_closet, david_nohive_1
D:10:     cheibrodos_orc_bank
D:11:     grunt_dithmenos_shadows
Ossuary:  ossuary_tomb_2

Skill      XL: |  1  2  3  4  5  6  7  8 |
---------------+-------------------------+-----
Hexes          | 4 5 6 7 |  7.0
Short Blades   | 2 3 4 5 |  5.2
Stealth        | 5 6 7 8 |  8.6
Spellcasting   | 3 4 |  4.0
Ice Magic      | 1 2 3 |  3.0
Dodging        | |  3.0

Action                   |  1- 3 |  4- 6 |  7- 9 || total
-------------------------+-------+-------+-------++-------
Melee: Dagger            |    53 |    41 |    45 ||   139
 Cast: Corona            |     2 |       |       ||     2
       Ensorcelled Hiber |     6 |    19 |    14 ||    39
       Confuse           |       |       |     4 ||     4
  Use: Potion            |       |     1 |     8 ||     9
 Stab: Sleeping          |    13 |    17 |    10 ||    40
       Confused          |       |       |     1 ||     1
  Eat: Royal jelly       |       |       |     1 ||     1
Armor: Robe              |     8 |     7 |     1 ||    16
Dodge: Dodged            |    48 |    33 |    30 ||   111
